 Dungeon Crawl Stone Soup version 0.20-a0-1018-ge435b50 (webtiles) character file.

4743 snowfan the Arsonist (level 10, -13/50 HPs)
             Began as a Deep Elf Fire Elementalist on Mar 4, 2016.
             Hit by a large rock thrown by a cyclops (37 damage)
             ... on level 11 of the Dungeon on Apr 17, 2017.
             The game lasted 00:36:05 (8977 turns).

snowfan the Arsonist (Deep Elf Fire Elementalist)   Turns: 8977, Time: 00:36:06

Health: -13/50     AC:  8    Str:  5    XL:     10   Next: 22%
Magic:  18/36      EV: 13    Int: 22    God:
Gold:   380        SH:  0    Dex: 15    Spells: 13/31 levels left

rFire    + . .     SeeInvis .   p - +2 quarterstaff (chaos)
rCold    x . .     Gourm    +   (shield currently unavailable)
rNeg     . . .     Faith    .   H - +0 robe {MR+}
rPois    +         Spirit   .   (no helmet)
rElec    .         Reflect  .   q - +0 cloak
rCorr    .         Harm     .   (no gloves)
MR       ++...                  E - +2 pair of boots
Stlth    ++........             t - amulet of the gourmand
Regen    0.2/turn               x - ring of fire
MPRegen  0.3/turn               z - ring of magical power

@: very slightly contaminated
A: icy blue scales 1, dopey 1, mutation resistance 1, poison resistance
a: no special abilities


You were on level 11 of the Dungeon.
You were very full.

You visited 1 branch of the dungeon, and saw 10 of its levels.

You collected 380 gold pieces.

Inventory:

Hand Weapons
 p - a +2 quarterstaff of chaos (weapon)
Armour
 q - a +0 cloak (worn)
 E - a +2 pair of boots (worn)
 H - a +0 robe of magic resistance (worn)
Jewellery
 t - an amulet of the gourmand (around neck)
 x - a ring of fire (left hand)
 y - an uncursed amulet of harm {unknown}
 z - a ring of magical power (right hand)
 G - an uncursed amulet of guardian spirit {unknown}
Wands
 J - a wand of confusion (20/48)
Scrolls
 e - 7 scrolls of identify {unknown}
 g - 7 scrolls of teleportation {unknown}
 k - a scroll of blinking {unknown}
 m - 2 scrolls of random uselessness {unknown}
 o - 6 scrolls of fog {unknown}
 u - 5 scrolls of remove curse {unknown}
 v - 2 scrolls of magic mapping {unknown}
 B - a scroll of recharging {unknown}
 C - 2 scrolls of amnesia {unknown}
 I - a scroll of holy word {unknown}
Potions
 a - a potion of mutation {unknown}
 d - 2 potions of degeneration
 f - a potion of might
 h - a potion of haste
 l - a potion of lignification
 r - a potion of invisibility {unknown}
 s - a potion of flight {unknown}
 w - 2 potions of brilliance {unknown}
 A - a potion of resistance
 D - a potion of curing
 F - 2 potions of heal wounds {unknown}
Books
 b - a book of Flames

   Spells                             Type                      Level
   a - Flame Tongue                   Conjuration/Fire             1
   b - Throw Flame                    Conjuration/Fire             2
   c - Conjure Flame                  Conjuration/Fire             3
   d - Inner Flame                    Hexes/Fire                   3
   e - Sticky Flame                   Conjuration/Fire             4
   f - Fireball                       Conjuration/Fire             5
Comestibles
 c - 4 bread rations
 i - 3 royal jellies
 j - a meat ration
 n - 5 fruits
 K - 4 mutagenic chunks of flesh


   Skills:
 - Level 2.8 Dodging
 - Level 2.4 Stealth
 - Level 11.3 Spellcasting
 + Level 5.9 Conjurations
 * Level 12.2 Fire Magic


You had 13 spell levels left.
You knew the following spells:

 Your Spells              Type           Power        Failure   Level  Hunger
a - Flame Tongue          Conj/Fire      #####        1%          1    None
c - Conjure Flame         Conj/Fire      ######..     1%          3    None
f - Fireball              Conj/Fire      ######....   4%          5    ####...
i - Inner Flame           Hex/Fire       ######..     1%          3    None
s - Throw Flame           Conj/Fire      ######       1%          2    None
x - Sticky Flame          Conj/Fire      ######..     1%          4    None


Dungeon Overview and Level Annotations

Branches:
Dungeon (11/15)
 Temple: D:4-7         Lair: D:8-11         Orc: D:9-12

Altars:
Nemelex Xobeh
Trog


Innate Abilities, Weirdness & Mutations

You are partially covered in icy blue scales. (AC +2)
You are dopey. (Int -2)
You are somewhat resistant to further mutation.
Your system is resistant to poisons. (rPois)


Message History

The fireball engulfs the cyclops.
The cyclops is almost dead.
Casting: Fireball
Confirm with . or Enter, or press ? or * to list all spells.
Aiming: Fireball
Press: ? - help, Shift-Dir - straight line, f/p - cyclops
Aim: a cyclops (almost dead)
You feel a surge of power!
The fireball explodes!
The fireball engulfs the cyclops.
You kill the cyclops!
You see here an ugly thing corpse.
You butcher the ugly thing corpse.
Things that are here:
4 mutagenic chunks of flesh; an ugly thing skeleton
K - 4 mutagenic chunks of flesh A cyclops comes into view.
The cyclops shouts!
The cyclops throws a large rock.
The large rock hits you!!!
Ouch! That really hurt!
You die...

...........#
#........
####.......#
#..#####.
#...(...#
#..#..
#.......# #..#.
#.......# #..'
#.......# #.C#
... #..#
.....######..#
........(รท@..#
...$...###...#
###.### #...# #
#..... #.......
#........
#........
#........


You could see a cyclops.

Vanquished Creatures
  A two-headed ogre (D:8)
  An ugly thing (D:11)
  A cyclops (D:11)
  The ghost of Monsterracer the Slasher, a novice FoAK of Lugonu (D:4)
  3 slime creatures (D:10)
  A hippogriff (D:7)
  A sky beast (D:7)
  An orc warrior (D:8)
  An ice beast (D:6)
  3 ogres
  A centaur (D:6)
  A bullfrog (D:6)
  5 howler monkeys
  3 crimson imps
  A bullfrog zombie (D:4)
  A centaur zombie (D:7)
  5 hounds
  Crazy Yiuf (D:2)
  2 bullfrog skeletons (D:5)
  2 jellies
  5 orc priests
  An iguana (D:6)
  A centaur skeleton (D:6)
  11 orc wizards
  Natasha (thrice) (D:2)
  3 worker ants
  A hound zombie (D:6)
  A hound skeleton (D:5)
  8 gnolls
  6 adders
  A howler monkey skeleton (D:4)
  4 shadow imps
  2 oozes
  An adder zombie (D:5)
  4 worms
  A dart slug (D:2)
  7 leopard geckos
  24 orcs
  2 ball pythons (D:2)
  9 bats
  5 giant cockroaches
  4 goblins
  11 hobgoblins
  10 jackals
  A quokka (D:6)
  5 frilled lizards
  A jackal zombie (D:6)
  9 kobolds
  A quokka zombie (D:6)
  11 rats
189 creatures vanquished.

Notes
Turn   | Place    | Note
-------+----------+-------------------------------------------
     0 | D:1      | snowfan the Deep Elf Fire Elementalist began the quest for the Orb.
     0 | D:1      | Reached XP level 1. HP: 10/10 MP: 6/6
   251 | D:1      | Reached XP level 2. HP: 15/15 MP: 6/8
   316 | D:1      | Reached skill level 4 in Fire Magic
   361 | D:1      | Learned a level 2 spell: Throw Flame
  1060 | D:2      | Noticed Crazy Yiuf
  1066 | D:2      | Killed Crazy Yiuf
  1066 | D:2      | Reached XP level 3. HP: 19/19 MP: 6/10
  1480 | D:2      | Reached XP level 4. HP: 24/24 MP: 11/11
  1526 | D:2      | Noticed Natasha
  1535 | D:2      | Killed Natasha
  1535 | D:2      | Reached skill level 5 in Fire Magic
  1855 | D:2      | Noticed Natasha
  1861 | D:2      | Killed Natasha
  1861 | D:2      | Reached XP level 5. HP: 28/28 MP: 2/12
  1949 | D:2      | Noticed Natasha
  1976 | D:2      | Reached skill level 6 in Fire Magic
  2212 | D:2      | Killed Natasha
  3045 | D:3      | Upgraded the game from 0.18-a0-1497-g788d838 to 0.20-a0-1018-ge435b50
  3381 | D:3      | Reached skill level 7 in Fire Magic
  3386 | D:3      | Reached XP level 6. HP: 32/32 MP: 3/13
  3497 | D:3      | Learned a level 3 spell: Conjure Flame
  3897 | D:3      | Learned a level 3 spell: Inner Flame
  3900 | D:3      | Found a bloodstained altar of Trog.
  4280 | D:4      | Noticed Monsterracer's ghost (novice FoAK)
  4314 | D:4      | Killed Monsterracer's ghost
  4314 | D:4      | Reached skill level 9 in Fire Magic
  4314 | D:4      | Reached XP level 7. HP: 13/36 MP: 0/14
  4320 | D:4      | Learned a level 4 spell: Sticky Flame
  5161 | D:5      | Entered Level 5 of the Dungeon
  5292 | D:5      | Reached skill level 10 in Fire Magic
  5361 | D:5      | Reached XP level 8. HP: 37/41 MP: 15/16
  5385 | D:5      | Reached skill level 5 in Spellcasting
  6419 | D:5      | Found a sparkling altar of Nemelex Xobeh.
  6963 | D:8      | Learned a level 5 spell: Fireball
  7033 | D:8      | Noticed a two-headed ogre
  7060 | D:8      | Killed a two-headed ogre
  7060 | D:8      | Reached XP level 9. HP: 45/45 MP: 20/26
  7950 | D:6      | Reached skill level 11 in Fire Magic
  8509 | D:7      | Gained mutation: Your system is resistant to poisons. (rPois) [mutagenic meat]
  8510 | D:7      | Gained mutation: You are dopey. (Int -2) [mutagenic meat]
  8511 | D:7      | Gained mutation: You are somewhat resistant to further mutation. [mutagenic meat]
  8513 | D:7      | Gained mutation: You are partially covered in icy blue scales. (AC +2) [mutagenic meat]
  8658 | D:7      | You fall through a shaft for 3 floors!
  8658 | D:10     | Entered Level 10 of the Dungeon
  8679 | D:10     | Reached skill level 5 in Conjurations
  8685 | D:10     | Reached XP level 10. HP: 44/50 MP: 5/27
  8723 | D:11     | Noticed a cyclops
  8821 | D:11     | Noticed a red ugly thing
  8839 | D:11     | Killed a red ugly thing
  8839 | D:11     | Reached skill level 12 in Fire Magic
  8973 | D:11     | Killed a cyclops
  8977 | D:11     | Noticed a cyclops
  8977 | D:11     | Hit by a large rock thrown by a cyclops

Vault maps used:
D:1:      eino_arrival_water_cross, serial_glass, glass_columns_b,
          glass_columns_c
D:2:      first_bread, uniq_natasha, uniq_crazy_yiuf_cottage
D:3:      minmay_misc_feat_four_crosses, trog_hazing_becter
D:5:      nemelex_dance_club_becter
D:7:      minmay_temple_entry_poolview
D:10:     dpeg_lair_monsters, enter_trove_1, uniq_psyche
D:11:     lemuel_reptile_caves, serial_shops, nicolae_shop_behind_doors,
          portal_ice_cave_entry_imps

Skill      XL: |  1  2  3  4  5  6  7  8  9 10 |
---------------+-------------------------------+-----
Fire Magic     | 4 5 7 9 10 11 12 | 12.2
Conjurations   | 2 5 |  5.9
Spellcasting   | 4 11 | 11.3
Dodging        | |  2.8
Stealth        | |  2.4

Action                   |  1- 3 |  4- 6 |  7- 9 | 10-12 || total
-------------------------+-------+-------+-------+-------++-------
Melee: Dagger            |    35 |       |       |       ||    35
       Quarterstaff      |     4 |    50 |       |       ||    54
       Quarterstaff      |       |     6 |    20 |       ||    26
 Cast: Flame Tongue      |    29 |    24 |       |       ||    53
       Throw Flame       |    12 |     5 |       |       ||    17
       Flame Tongue      |       |    36 |    96 |     2 ||   134
       Throw Flame       |       |    31 |   116 |     5 ||   152
       Conjure Flame     |       |     1 |     4 |     1 ||     6
       Inner Flame       |       |       |     2 |       ||     2
       Fireball          |       |       |    14 |     3 ||    17
       Sticky Flame      |       |       |       |     3 ||     3
  Use: Potion            |       |       |     2 |     3 ||     5
 Stab: Sleeping          |     4 |       |       |       ||     4
       Distracted        |       |     1 |       |       ||     1
       Paralysed         |       |     1 |       |       ||     1
       Sleeping          |       |       |     1 |       ||     1
  Eat: Chunk             |     2 |    12 |       |       ||    14
       Chunk             |       |     7 |    21 |       ||    28
       Meat ration       |       |     1 |       |       ||     1
Armor: Robe              |       |     2 |     9 |       ||    11
       Skin              |       |       |       |     2 ||     2
Dodge: Dodged            |       |    12 |    40 |     6 ||    58
